 Dungeon Crawl Stone Soup version 0.30-a0-937-ga0a21ad780 (webtiles) character file.

Game seed: 3906331434100913551

52 FexLirch the Shooter (level 4, 0/25 HPs)
             Began as a Kobold Hexslinger on Mar 24, 2023.
             Succumbed to an adder's poison
             ... on level 2 of the Dungeon.
             The game lasted 00:02:17 (1134 turns).

FexLirch the Shooter (Kobold Hexslinger)            Turns: 1134, Time: 00:02:18

Health: 0/25       AC:  2    Str:  7    XL:     4   Next: 8%
Magic:  5/5        EV: 15    Int: 14    God:
Gold:   72         SH:  0    Dex: 17    Spells: 4/5 levels left

rFire   . . .      SeeInvis .    a - +1 sling
rCold   . . .      Faith    .    (no shield)
rNeg    . . .      Spirit   .    c - +0 robe
rPois   .          Reflect  .    (no helmet)
rElec   .          Rampage  .    (no cloak)
rCorr   .                        (no gloves)
Will    .....                    (no boots)
Stlth   +++                      (no amulet)
HPRegen 0.24/turn                (no ring)
MPRegen 0.09/turn                (no ring)

@: lethally poisoned (0 -> -3)
A: small, no large weapons, nightstalker 3
a: no special abilities


You were on level 2 of the Dungeon.
You visited 1 branch of the dungeon, and saw 2 of its levels.

You collected 72 gold pieces.

Inventory:

Hand Weapons
 a - a +1 sling (weapon)
Missiles
 d - 9 stones
Armour
 c - a +0 robe (worn)
Scrolls
 b - a scroll of poison
 e - a scroll of identify {unknown}
 f - a scroll of fog
 g - a scroll of enchant armour {unknown}
 h - a scroll of magic mapping {unknown}


   Skills:
 - Level 1.1 Fighting
 * Level 4.7 Ranged Weapons
 - Level 2.4 Dodging
 - Level 1.1 Spellcasting
 + Level 3.6 Hexes


You had 4 spell levels left.
You knew the following spells:

 Your Spells              Type           Power      Damage    Failure   Level
a - Slow                  Hex            40%        N/A       6%          1

Your spell library contained the following spells:

 Spells                   Type           Power      Damage    Failure   Level
 Inner Flame              Hex/Fire       5%         N/A       36%         3
 Portal Projectile        Hex/Tloc       10%        N/A       36%         3
 Cause Fear               Hex            5%         N/A       52%         4


Dungeon Overview and Level Annotations

Branches:
Dungeon (2/15)

Altars:


Innate Abilities, Weirdness & Mutations

You are small and have problems with some larger weapons.
You are completely attuned to the shadows.


Message History

You shoot a sling bullet. The sling bullet hits the adder!
The adder is severely wounded.
The adder is no longer moving slowly.
The adder bites you but does no damage.
You shoot a sling bullet.
The sling bullet closely misses the adder.
The adder bites you.
You are poisoned.
The adder poisons you!
You shoot a sling bullet. The sling bullet misses the adder.
You feel sick. The adder bites you but does no damage. The adder bites you.
You are lethally poisoned!
The adder poisons you!
You shoot a sling bullet.
The sling bullet hits the adder but does no damage.
The adder is severely wounded.
* * * LOW HITPOINT WARNING * * *
You feel very sick. The adder barely misses you.
You aren't carrying any potions.
You shoot a sling bullet. The sling bullet hits the adder!
You kill the adder!
* * * LOW HITPOINT WARNING * * *
You feel sick.
You have reached level 4!
There is a lethal amount of poison in your body!
There is a lethal amount of poison in your body!
* * * LOW HITPOINT WARNING * * *
You feel sick.
As you read the scroll labelled SOMPAS GOJU, it crumbles to dust.
The scroll dissolves into smoke.
It was a scroll of fog.
* * * LOW HITPOINT WARNING * * *
You feel sick.
You aren't carrying any potions.
Unknown command.
There is a lethal amount of poison in your body!
* * * LOW HITPOINT WARNING * * *
You feel sick.
* * * LOW HITPOINT WARNING * * *
You feel sick.
You die...

######### ....†...######
######## #####........#
#....... #........#
#§§.....
#####........####§§.....
....'.........§§@§§...?.
#####........###§§§.....
#........# #§§§.....
#........# ###...###
#........# ###...
#........# .##
#........# #........#
#####....#


There were no monsters in sight!

Vanquished Creatures
  2 adders (D:2)
  A worm (D:2)
  A dart slug (D:1)
  2 ball pythons
  4 bats (D:1)
  4 endoplasms
  A giant cockroach (D:1)
  3 goblins
  3 hobgoblins
  2 kobolds (D:1)
  A quokka (D:1)
  2 frilled lizards
  A rat (D:1)
27 creatures vanquished.

Notes
Turn   | Place    | Note
-------+----------+-------------------------------------------
     0 | D:1      | FexLirch the Kobold Hexslinger began the quest for the Orb.
     0 | D:1      | Reached XP level 1. HP: 12/12 MP: 2/2
    45 | D:1      | Reached skill level 3 in Ranged Weapons
   120 | D:1      | Reached XP level 2. HP: 14/16 MP: 0/3
   569 | D:1      | Reached XP level 3. HP: 20/20 MP: 4/4
   660 | D:1      | Reached skill level 4 in Ranged Weapons
  1130 | D:2      | Reached XP level 4. HP: 5/25 MP: 5/5
  1132 | D:2      | HP: 1/25 [poisoned by an adder]
  1134 | D:2      | Succumbed to an adder's poison

Illustrated notes

Levels and vault maps discovered:
D:1:      psy_arrival_spokes, layout_basic
D:2:      layout_basic

Skill      XL: |  1  2  3 |
---------------+----------+-----
Ranged Weapons | 3 4 |  4.7
Fighting       | |  1.1
Dodging        | |  2.4
Spellcasting   | |  1.1
Hexes          | |  3.6

Action                     |  1- 3 |  4- 6 || total
---------------------------+-------+-------++-------
   Fire: Sling             |    88 |       ||    88
   Cast: Slow              |    12 |       ||    12
    Use: Scroll            |       |     1 ||     1
 Armour: Robe              |    19 |       ||    19
  Dodge: Dodged            |    62 |       ||    62

Table legend: (Time is in decaauts)
 A = Elapsed time spent in this place.
 B = Non-inter-level travel time spent in this place.
 C = Inter-level travel time spent in this place.
 D = Time resting spent in this place.
 E = Time spent auto-exploring this place.
 F = Levels seen in this place.
 G = Mean time per level.
                   A        B        C        D        E       F      G
               +--------+--------+--------+--------+--------+-----+--------+
         Total |   1152 |   1141 |     11 |      0 |    942 |   2 |  576.0 |
       Dungeon |   1152 |   1141 |     11 |      0 |    942 |   2 |  576.0 |
               +--------+--------+--------+--------+--------+-----+--------+

Top non-repeatable levels by time:
     D:1: 823 daAuts
     D:2: 329 daAuts
